[Event "FIDE WYCC Girls U16 2023"]
[Site "Montesilvano"]
[Date "2023.11.20"]
[Round "7.30"]
[White "Seemann, Pola"]
[Black "Lobo Pereira, Arami"]
[Result "1-0"]
[ECO "B57"]
[WhiteElo "1685"]
[BlackElo "2013"]
[Annotator "NA RC"]
[PlyCount "73"]
[EventDate "2023.11.13"]
[EventType "swiss"]
[EventCountry "ITA"]
[SourceTitle "playchess.com"]
[Source "ChessBase"]
[SourceQuality "1"]
[TimeControl "40/5400+30:1800+30"]

1. e4 c5 2. Nf3 Nc6 3. d4 cxd4 4. Nxd4 Nf6 5. Nc3 d6 6. Bc4 Qb6 7. Nb3 e6 8. Bf4 Ne5 9. Be2 Be7 10. Be3 Qd8 11. f4 Nc6 12. O-O O-O 13. Kh1 a6 14. a4 b6 15. Qe1 Nb4 16. Qf2 Rb8 17. Bf3 Bd7 18. a5 b5 19. Rad1 Bc6 20. Bc5 d5 21. Rd4 Bxc5 22. Nxc5 Qxa5 23. Nb3 Qc7 24. Rxb4 a5 25. Rd4 b4 26. exd5 bxc3 27. dxc6 cxb2 28. Rb1 Qa7 29. c7 Qxc7 30. Rxb2 Qa7 31. Ra2 Rb4 32. Rxa5 Qb6 33. Ra1 h6 34. Qd2 Rb5 35. Rd1 e5 36. Rd6 Qc7 37. Qe2 1-0

[Event "FIDE WYCC Girls U16 2023"]
[Site "Montesilvano"]
[Date "2023.11.20"]
[Round "7.31"]
[White "Nuriyeva, Nurtan"]
[Black "Jansone, Melanija Luize"]
[Result "1-0"]
[ECO "E61"]
[WhiteElo "1809"]
[BlackElo "1658"]
[Annotator "NA COMBH"]
[PlyCount "95"]
[EventDate "2023.11.13"]
[EventType "swiss"]
[EventCountry "ITA"]
[SourceTitle "playchess.com"]
[Source "ChessBase"]
[SourceQuality "1"]
[TimeControl "40/5400+30:1800+30"]

1. d4 Nf6 2. Nf3 g6 3. c4 Bg7 4. Nc3 d6 5. Bg5 h6 6. Bh4 Bf5 7. e3 c5 8. Bd3 Bxd3 9. Qxd3 Na6 10. O-O O-O 11. d5 Nc7 12. h3 a6 13. a4 Rb8 14. Rfe1 Nh5 15. g4 Nf6 16. e4 Nd7 17. Bg3 Ne5 18. Bxe5 Bxe5 19. Nxe5 dxe5 20. Qe3 Qd6 21. a5 b5 22. axb6 Rxb6 23. Na4 Rb4 24. b3 Rfb8 25. Nxc5 Kg7 26. Ra4 Rxa4 27. Nxa4 Qb4 28. Rb1 Ne8 29. Nc5 Qa5 30. Nd7 Rb7 31. Nxe5 Qa2 32. Qd3 Nd6 33. c5 Nb5 34. Nc4 f6 35. Rb2 Qa1+ 36. Kg2 Qc1 37. Ra2 Ra7 38. Rc2 Qf4 39. b4 Qc7 40. d6 exd6 41. cxd6 Qd7 42. Rd2 Rb7 43. f4 Na7 44. e5 f5 45. gxf5 gxf5 46. Kh2 Nc6 47. Rg2+ Kh7 48. Qd5 1-0

[Event "FIDE WYCC Girls U16 2023"]
[Site "Montesilvano"]
[Date "2023.11.20"]
[Round "7.32"]
[White "Ahn, Anastasia"]
[Black "Kawa, Anna"]
[Result "1-0"]
[ECO "D00"]
[WhiteElo "1795"]
[BlackElo "1622"]
[Annotator "NA COMBH"]
[PlyCount "103"]
[EventDate "2023.11.13"]
[EventType "swiss"]
[EventCountry "ITA"]
[SourceTitle "playchess.com"]
[Source "ChessBase"]
[SourceQuality "1"]
[TimeControl "40/5400+30:1800+30"]

1. d4 Nf6 2. Nc3 d5 3. Bf4 a6 4. e3 Bf5 5. Nf3 e6 6. Ne5 Nfd7 7. g4 Bg6 8. h4 Nxe5 9. Bxe5 h5 10. g5 Nd7 11. Bg3 c5 12. Bd3 Bxd3 13. Qxd3 g6 14. e4 dxe4 15. Nxe4 Qa5+ 16. c3 Rd8 17. O-O-O Be7 18. Nd6+ Bxd6 19. Bxd6 Qxa2 20. Rhe1 Nb6 21. dxc5 Na4 22. Qb1 Qxb1+ 23. Kxb1 Rc8 24. Re5 b6 25. cxb6 Nxb6 26. Ra5 Ra8 27. Be5 O-O 28. b3 Rfc8 29. Rd6 Nd5 30. Kb2 Kf8 31. Rdxa6 Rxa6 32. Rxa6 Ke8 33. Ra7 Ne7 34. Rc7 Rxc7 35. Bxc7 Kd7 36. Bg3 Kc6 37. f3 Nd5 38. c4 Nb4 39. Kc3 Na2+ 40. Kd4 Nc1 41. Ke5 Kd7 42. Kf6 Ke8 43. b4 Nb3 44. b5 Nc5 45. Ke5 Kd7 46. Kd4 Nb7 47. c5 Nd8 48. c6+ Nxc6+ 49. bxc6+ Kxc6 50. Ke5 Kd7 51. Kf6 Ke8 52. Bd6 1-0

[Event "FIDE WYCC Girls U16 2023"]
[Site "Montesilvano"]
[Date "2023.11.20"]
[Round "7.33"]
[White "Cymbron, Victoria"]
[Black "Kosma, Maria"]
[Result "*"]
[ECO "B51"]
[WhiteElo "1563"]
[BlackElo "1780"]
[Annotator "NA COMBH"]
[PlyCount "83"]
[EventDate "2023.11.13"]
[EventType "swiss"]
[EventCountry "ITA"]
[SourceTitle "playchess.com"]
[Source "ChessBase"]
[SourceQuality "1"]
[TimeControl "40/5400+30:1800+30"]

1. e4 c5 2. Nf3 d6 3. Bb5+ Nd7 4. O-O a6 5. Bd3 Ngf6 6. Re1 g6 7. c3 Bg7 8. Bc2 O-O 9. d4 Qc7 10. Bg5 h6 11. Bh4 Re8 12. e5 dxe5 13. dxe5 Ng4 14. e6 Nde5 15. Nxe5 Nxe5 16. exf7+ Nxf7 17. Bxg6 e5 18. Nd2 Re6 19. Qh5 Nh8 20. Bf5 Rd6 21. Qe8+ Bf8 22. Ne4 Qc6 23. Qxe5 Ng6 24. Bxg6 Rxg6 25. Bg3 Bd7 26. Rad1 Re8 27. Qd5+ Qxd5 28. Rxd5 Bc6 29. Re5 Rxe5 30. Bxe5 Re6 31. f4 Kf7 32. Kf2 c4 33. g4 Be7 34. Kg3 Bd5 35. Nf2 b5 36. f5 Rxe5 37. Rxe5 Bd6 38. Kf4 Kf6 39. Ne4+ Bxe4 40. Kxe4 Bxe5 41. Kd5 Bxh2 42. Kc6 *

[Event "FIDE WYCC Girls U16 2023"]
[Site "Montesilvano"]
[Date "2023.11.20"]
[Round "7.34"]
[White "Rice, Lauren"]
[Black "Bilguun Bayaraa"]
[Result "1-0"]
[ECO "E01"]
[WhiteElo "1529"]
[BlackElo "1712"]
[Annotator "NA COMBH"]
[PlyCount "71"]
[EventDate "2023.11.13"]
[EventType "swiss"]
[EventCountry "ITA"]
[SourceTitle "playchess.com"]
[Source "ChessBase"]
[SourceQuality "1"]
[TimeControl "40/5400+30:1800+30"]

1. d4 d5 2. c4 c6 3. Nf3 Nf6 4. Qc2 e6 5. g3 Bd6 6. Bg2 O-O 7. O-O Nbd7 8. Nbd2 c5 9. dxc5 Bxc5 10. cxd5 Nxd5 11. Ne4 Qb6 12. b3 f6 13. Bb2 Qc7 14. Nxc5 Qxc5 15. Qxc5 Nxc5 16. Ba3 b6 17. Rac1 Ba6 18. Nd4 Bb7 19. Bxc5 bxc5 20. Nxe6 Rfc8 21. Rxc5 Kf7 22. Nc7 Rxc7 23. Bxd5+ Bxd5 24. Rxc7+ Kg6 25. Rd1 Be6 26. f3 a5 27. Rd6 Bh3 28. g4 h5 29. gxh5+ Kh6 30. Rd4 Re8 31. Kf2 Re5 32. Rd8 Kh7 33. h6 Rg5 34. Rxg7+ Kxh6 35. Rxg5 Kxg5 36. Rd5+ 1-0

[Event "FIDE WYCC Girls U16 2023"]
[Site "Montesilvano"]
[Date "2023.11.20"]
[Round "7.35"]
[White "Di Fabio, Sara"]
[Black "Levchenko, Marina"]
[Result "1/2-1/2"]
[ECO "C17"]
[WhiteElo "1517"]
[BlackElo "1700"]
[Annotator "NA COMBH"]
[PlyCount "63"]
[EventDate "2023.11.13"]
[EventType "swiss"]
[EventCountry "ITA"]
[SourceTitle "playchess.com"]
[Source "ChessBase"]
[SourceQuality "1"]
[TimeControl "40/5400+30:1800+30"]

1. e4 e6 2. d4 d5 3. Nc3 Bb4 4. e5 c5 5. Bd2 a6 6. a3 Bxc3 7. bxc3 Ne7 8. f4 Nbc6 9. Nf3 cxd4 10. cxd4 Nf5 11. c3 Na5 12. g4 Nh4 13. Bd3 Nc4 14. Qe2 Bd7 15. Qf2 Nxf3+ 16. Qxf3 Nxd2 17. Kxd2 Qa5 18. f5 O-O-O 19. fxe6 Bxe6 20. Bf5 Qc7 21. Rhf1 Rd7 22. Bxe6 fxe6 23. g5 g6 24. Qh3 Re8 25. Rf6 Rde7 26. Raf1 Qc4 27. Rf8 Qa2+ 28. Kd3 Qc4+ 29. Kd2 Qa2+ 30. Kd3 Qc4+ 31. Kd2 Qa2+ 32. Kd3 1/2-1/2

[Event "FIDE WYCC Girls U16 2023"]
[Site "Montesilvano"]
[Date "2023.11.21"]
[Round "8.1"]
[White "Ter-Avetisjana, Agnesa Stepania"]
[Black "Bondar, Daria"]
[Result "0-1"]
[ECO "B10"]
[WhiteElo "2105"]
[BlackElo "1908"]
[Annotator "NA RC"]
[PlyCount "84"]
[EventDate "2023.11.13"]
[EventType "swiss"]
[EventCountry "ITA"]
[SourceTitle "playchess.com"]
[Source "ChessBase"]
[SourceQuality "1"]
[TimeControl "40/5400+30:1800+30"]

1. e4 c6 2. Nf3 d5 3. exd5 cxd5 4. Ne5 a6 5. d4 Nc6 6. Nxc6 bxc6 7. Bd3 Nf6 8. h3 e6 9. O-O Bd6 10. Nd2 O-O 11. Qe2 c5 12. c3 c4 13. Bc2 Ne8 14. Nxc4 f5 15. Nxd6 Nxd6 16. Bf4 Ra7 17. Bd3 g5 18. Be5 Nf7 19. c4 Nxe5 20. Qxe5 Rg7 21. c5 g4 22. hxg4 Rxg4 23. f3 Rg6 24. Qf4 Rf7 25. b4 Rfg7 26. Rf2 h5 27. a4 h4 28. b5 h3 29. Raa2 a5 30. b6 Rh7 31. Rab2 Bb7 32. Bb5 Rh4 33. Qc7 Qg5 34. Qb8+ Kh7 35. Qxb7+ Rg7 36. Qxg7+ Qxg7 37. g4 fxg4 38. Bd3+ Kh6 39. b7 g3 40. b8=Q h2+ 41. Rxh2 gxh2+ 42. Kf2 h1=Q 0-1

[Event "FIDE WYCC Girls U16 2023"]
[Site "Montesilvano"]
[Date "2023.11.21"]
[Round "8.2"]
[White "Kayis, Gulcan Sena"]
[Black "Nurmanova, Alua"]
[Result "1-0"]
[ECO "B08"]
[WhiteElo "1859"]
[BlackElo "2367"]
[Annotator "RC"]
[PlyCount "96"]
[EventDate "2023.11.13"]
[EventType "swiss"]
[EventCountry "ITA"]
[SourceTitle "playchess.com"]
[Source "ChessBase"]
[SourceQuality "1"]
[TimeControl "40/5400+30:1800+30"]

1. Nf3 Nf6 2. d4 g6 3. Nc3 Bg7 4. e4 d6 5. Be3 a6 6. Qd2 b5 7. Bd3 Bb7 8. a3 Ng4 9. Bg5 c5 10. dxc5 dxc5 11. Qf4 Qc8 12. h3 Nf6 13. O-O h6 14. Bxf6 exf6 15. Nd5 Bxd5 16. exd5 O-O 17. c4 bxc4 18. Qxc4 f5 19. Rab1 Nd7 20. Rfc1 Qd8 21. Rd1 Qf6 22. b4 Rfc8 23. Rbc1 Qb2 24. Qf4 Qxa3 25. b5 Nb6 26. Qd6 Na4 27. b6 Rd8 28. b7 Rab8 29. Qxa6 Rxd5 30. Bb5 Rxd1+ 31. Rxd1 Qb3 32. Bxa4 Qxb7 33. Qxb7 Rxb7 34. Kf1 c4 35. Rc1 c3 36. Ke2 Kf8 37. Ne1 Ke7 38. Bc2 Kd6 39. Rb1 Re7+ 40. Kd3 Kc5 41. Nf3 g5 42. Ba4 f4 43. Rb5+ Kd6 44. Bb3 Rd7 45. Rd5+ Ke7 46. Rxd7+ Kxd7 47. Bxf7 Kd6 48. Ne1 Bf8 1-0

[Event "FIDE WYCC Girls U16 2023"]
[Site "Montesilvano"]
[Date "2023.11.21"]
[Round "8.3"]
[White "Trunz, Michelle"]
[Black "Gvatua, Mariam"]
[Result "1-0"]
[ECO "A32"]
[WhiteElo "1997"]
[BlackElo "1701"]
[Annotator "NA RC"]
[PlyCount "49"]
[EventDate "2023.11.13"]
[EventType "swiss"]
[EventCountry "ITA"]
[SourceTitle "playchess.com"]
[Source "ChessBase"]
[SourceQuality "1"]
[TimeControl "40/5400+30:1800+30"]

1. d4 d5 2. c4 dxc4 3. e3 Nf6 4. Bxc4 e6 5. Nc3 c5 6. Nf3 cxd4 7. Nxd4 a6 8. O-O Be7 9. Qe2 O-O 10. Rd1 Qc7 11. e4 b5 12. Bd3 Nfd7 13. Be3 Nc5 14. Rac1 Nxd3 15. Rxd3 Qb7 16. e5 Nd7 17. Bf4 Qb6 18. Qh5 g6 19. Qh6 f5 20. Nd5 exd5 21. Rc6 Bc5 22. Rxb6 Nxb6 23. Rh3 Rf7 24. e6 Rb7 25. Be5 1-0

[Event "FIDE WYCC Girls U16 2023"]
[Site "Montesilvano"]
[Date "2023.11.21"]
[Round "8.4"]
[White "Tejaswini G"]
[Black "Zhou, Shumeng"]
[Result "1/2-1/2"]
[ECO "D45"]
[WhiteElo "1956"]
[BlackElo "1559"]
[Annotator "NA RC"]
[PlyCount "83"]
[EventDate "2023.11.13"]
[EventType "swiss"]
[EventCountry "ITA"]
[SourceTitle "playchess.com"]
[Source "ChessBase"]
[SourceQuality "1"]
[TimeControl "40/5400+30:1800+30"]

1. d4 d5 2. c4 c6 3. Nc3 Nf6 4. Nf3 e6 5. e3 Nbd7 6. Be2 Bd6 7. O-O O-O 8. b3 b6 9. Bb2 Bb7 10. Bd3 Rc8 11. Rc1 Qe7 12. Re1 c5 13. cxd5 exd5 14. Ne2 Ne4 15. Ng3 f5 16. Bb5 a6 17. Bxd7 Qxd7 18. dxc5 bxc5 19. Nh5 g6 20. Nf4 Bxf4 21. exf4 d4 22. Ne5 Qd5 23. f3 Nf6 24. Qd2 Rfd8 25. Nc4 Qf7 26. Ne5 Qd5 27. Re2 Bc6 28. Nc4 Nd7 29. Re7 Bb5 30. Qf2 Re8 31. Rce1 Rxe7 32. Rxe7 Rf8 33. Nd2 Rf7 34. Re1 Qd6 35. g3 a5 36. a3 Re7 37. Rxe7 Qxe7 38. b4 axb4 39. axb4 d3 40. bxc5 Qxc5 41. Qxc5 Nxc5 42. Kf2 1/2-1/2

[Event "FIDE WYCC Girls U16 2023"]
[Site "Montesilvano"]
[Date "2023.11.21"]
[Round "8.5"]
[White "Putar, Lara"]
[Black "Shohradova, Leyla"]
[Result "0-1"]
[ECO "A13"]
[WhiteElo "1892"]
[BlackElo "1782"]
[Annotator "NA RC"]
[PlyCount "140"]
[EventDate "2023.11.13"]
[EventType "swiss"]
[EventCountry "ITA"]
[SourceTitle "playchess.com"]
[Source "ChessBase"]
[SourceQuality "1"]
[TimeControl "40/5400+30:1800+30"]

1. d4 Nf6 2. c4 e6 3. Nc3 d5 4. e3 Be7 5. Nf3 O-O 6. b3 c5 7. Bb2 Qa5 8. dxc5 Qxc5 9. cxd5 Rd8 10. Qd4 Qa5 11. Qa4 Qxa4 12. Nxa4 Bb4+ 13. Bc3 Nxd5 14. Rd1 Nc6 15. Bxb4 Ncxb4 16. Bc4 Bd7 17. Bxd5 Nxd5 18. Nc5 Bc6 19. Rc1 Rac8 20. Nd4 e5 21. Nxc6 Rxc6 22. O-O Rdc8 23. Nd3 f6 24. Rxc6 Rxc6 25. Rc1 Nc3 26. Rc2 a5 27. Kf1 Kf7 28. Nb2 Nxa2 29. Rxc6 bxc6 30. Nc4 Ke6 31. Ke2 Nc1+ 32. Kd2 Nxb3+ 33. Kc3 Nc5 34. Nxa5 Ne4+ 35. Kd3 Nc5+ 36. Kc4 Kd6 37. f3 g6 38. Kc3 Nd7 39. Nc4+ Kc5 40. Nd2 Kb5 41. g4 Nb6 42. Ne4 Nd5+ 43. Kd3 c5 44. g5 c4+ 45. Ke2 fxg5 46. Nxg5 Nf6 47. Nf7 Nd7 48. Kd2 Kb4 49. Kc2 c3 50. h4 h5 51. e4 Kc4 52. Nd6+ Kd4 53. Nb5+ Ke3 54. Kxc3 Kxf3 55. Nd6 Nc5 56. Kc4 Nxe4 57. Nf7 Kf4 58. Kd5 Nc3+ 59. Kc4 Nd1 60. Kd3 Nf2+ 61. Ke2 Ng4 62. Nh8 Kf5 63. Nf7 Nf6 64. Kf3 e4+ 65. Kg3 Nd7 66. Nd6+ Ke5 67. Nf7+ Kd4 68. Nh8 Ne5 69. Kf2 e3+ 70. Ke2 Ke4 0-1

[Event "FIDE WYCC Girls U16 2023"]
[Site "Montesilvano"]
[Date "2023.11.21"]
[Round "8.6"]
[White "Karimova, Guldona"]
[Black "Begic, Klara"]
[Result "1-0"]
[ECO "A14"]
[WhiteElo "1835"]
[BlackElo "1877"]
[Annotator "NA RC"]
[PlyCount "69"]
[EventDate "2023.11.13"]
[EventType "swiss"]
[EventCountry "ITA"]
[SourceTitle "playchess.com"]
[Source "ChessBase"]
[SourceQuality "1"]
[TimeControl "40/5400+30:1800+30"]

1. c4 e6 2. Nf3 d5 3. b3 Nf6 4. Bb2 Be7 5. g3 b6 6. Bg2 Bb7 7. O-O O-O 8. cxd5 exd5 9. Ne5 Nbd7 10. f4 c5 11. e3 Rc8 12. d3 b5 13. Nd2 Qb6 14. Bh3 Qd8 15. Nxd7 Nxd7 16. Bxg7 Kxg7 17. Qg4+ Kh8 18. Qxd7 Rc7 19. Qxb5 Rg8 20. Nf3 h5 21. Rac1 Bd6 22. d4 Qe7 23. Qd3 f6 24. dxc5 Bxc5 25. Nd4 h4 26. Kf2 Re8 27. Ne6 Rc6 28. Nxc5 Rxc5 29. Rxc5 Qxc5 30. Rd1 hxg3+ 31. hxg3 Ba6 32. Qd4 Qe7 33. Bf5 Kg8 34. Qxd5+ Kf8 35. Qd6 1-0

[Event "FIDE WYCC Girls U16 2023"]
[Site "Montesilvano"]
[Date "2023.11.21"]
[Round "8.7"]
[White "Schippke, Manon"]
[Black "Braeutigam, Katerina"]
[Result "1-0"]
[ECO "C18"]
[WhiteElo "2110"]
[BlackElo "1904"]
[Annotator "NA RC"]
[PlyCount "85"]
[EventDate "2023.11.13"]
[EventType "swiss"]
[EventCountry "ITA"]
[SourceTitle "playchess.com"]
[Source "ChessBase"]
[SourceQuality "1"]
[TimeControl "40/5400+30:1800+30"]

1. e4 e6 2. d4 d5 3. Nc3 Bb4 4. e5 c5 5. a3 Bxc3+ 6. bxc3 Qa5 7. Bd2 c4 8. Qg4 g6 9. h4 h5 10. Qf4 Qa4 11. Kd1 Nc6 12. Nf3 Bd7 13. Ng5 Nd8 14. Rh3 Ke7 15. Rb1 Qxa3 16. Bc1 Qa6 17. Bb2 Be8 18. Ra1 Qb5 19. Ba3+ Kd7 20. Be2 a5 21. Kd2 Nh6 22. f3 Kc8 23. g4 hxg4 24. fxg4 Qd7 25. Qf6 Rg8 26. Nh7 Qc7 27. Bd6 Qb6 28. Qg5 f6 29. Qxh6 g5 30. Nxf6 Nf7 31. Qh7 Rh8 32. Qg7 Qb5 33. Nxe8 Qxe8 34. Rf3 Nxd6 35. exd6 Qd8 36. Rb1 b6 37. Rf7 Ra6 38. Ra7 Rxa7 39. Qxa7 Qxd6 40. Rxb6 Qc7 41. Qa6+ Kd8 42. Rb7 Qf4+ 43. Kd1 1-0

[Event "FIDE WYCC Girls U16 2023"]
[Site "Montesilvano"]
[Date "2023.11.21"]
[Round "8.8"]
[White "Zelbova, Lada"]
[Black "Pragnya H G"]
[Result "1/2-1/2"]
[ECO "C68"]
[WhiteElo "2057"]
[BlackElo "1679"]
[Annotator "NA RC"]
[PlyCount "103"]
[EventDate "2023.11.13"]
[EventType "swiss"]
[EventCountry "ITA"]
[SourceTitle "playchess.com"]
[Source "ChessBase"]
[SourceQuality "1"]
[TimeControl "40/5400+30:1800+30"]

1. e4 e5 2. Nf3 Nc6 3. Bb5 a6 4. Bxc6 dxc6 5. O-O Bg4 6. h3 Bxf3 7. Qxf3 Qf6 8. Qg3 h6 9. d3 g5 10. Nd2 Ne7 11. Nc4 Ng6 12. Qg4 Qe6 13. Ne3 O-O-O 14. Nf5 Kb8 15. Be3 Be7 16. Rfb1 h5 17. Qe2 g4 18. hxg4 hxg4 19. g3 Rdg8 20. Kg2 Bd6 21. Rh1 Nf4+ 22. gxf4 exf4 23. Bxf4 Rxh1 24. Rxh1 Bxf4 25. b3 Qe5 26. Rh4 g3 27. fxg3 Bxg3 28. Rg4 Rxg4 29. Qxg4 Be1 30. d4 Qa5 31. Qe2 f6 32. Kf3 Bb4 33. Qc4 Bd6 34. a4 Qe1 35. Qe2 Qh1+ 36. Qg2 Qd1+ 37. Qe2 Qh1+ 38. Ke3 Qh3+ 39. Qf3 Qh2 40. Kd3 Bf4 41. Ne3 Bxe3 42. Qxe3 Kc8 43. Qf3 Qd6 44. Qg4+ Kd8 45. Qg8+ Kd7 46. Qg7+ Kd8 47. Qh8+ Kd7 48. Qh7+ Kd8 49. Qh8+ Kd7 50. Qh3+ Kd8 51. Qf5 Qg3+ 52. Ke2 1/2-1/2

[Event "FIDE WYCC Girls U16 2023"]
[Site "Montesilvano"]
[Date "2023.11.21"]
[Round "8.9"]
[White "Peglau, Dora"]
[Black "Kheerthi Ganta"]
[Result "1/2-1/2"]
[ECO "C50"]
[WhiteElo "1937"]
[BlackElo "2030"]
[Annotator "NA RC"]
[PlyCount "118"]
[EventDate "2023.11.13"]
[EventType "swiss"]
[EventCountry "ITA"]
[SourceTitle "playchess.com"]
[Source "ChessBase"]
[SourceQuality "1"]
[TimeControl "40/5400+30:1800+30"]

1. e4 e5 2. Nf3 Nc6 3. Nc3 Nf6 4. Bc4 Bc5 5. d3 d6 6. Bg5 h6 7. Bxf6 Qxf6 8. Nd5 Qg6 9. Qe2 Bg4 10. c3 Bb6 11. a4 Kd7 12. b4 a6 13. Nxb6+ cxb6 14. h3 Be6 15. Bxe6+ Qxe6 16. O-O b5 17. axb5 axb5 18. d4 exd4 19. Nxd4 Nxd4 20. cxd4 Qc4 21. Qg4+ Qe6 22. Qh5 g5 23. d5 Qf6 24. Rac1 Rhc8 25. Qe2 Rxc1 26. Qxb5+ Kd8 27. Rxc1 Ra1 28. Qb6+ Ke8 29. Qc7 Rxc1+ 30. Qxc1 Kd8 31. Qe3 Qa1+ 32. Kh2 Qe5+ 33. Qg3 Qf6 34. Qf3 Qe5+ 35. g3 Ke7 36. Qe2 Qd4 37. b5 f6 38. Kg2 Kd8 39. Qg4 Qe5 40. b6 Ke7 41. Qf5 Qxf5 42. exf5 h5 43. Kf3 Kf7 44. Kg2 Kg7 45. f3 Kh7 46. h4 gxh4 47. g4 Kh6 48. Kh2 Kg7 49. Kh3 Kh7 50. Kxh4 Kh6 51. Kh3 Kh7 52. Kg3 Kg7 53. Kf4 Kh6 54. Kg3 Kg7 55. Kh3 Kh7 56. Kh4 Kh6 57. gxh5 Kh7 58. h6 Kxh6 59. Kg4 Kg7 1/2-1/2

[Event "FIDE WYCC Girls U16 2023"]
[Site "Montesilvano"]
[Date "2023.11.21"]
[Round "8.10"]
[White "Kaldarova, Ayaulym"]
[Black "Regidor, Kaye Lalaine"]
[Result "0-1"]
[ECO "A07"]
[WhiteElo "2005"]
[BlackElo "1598"]
[Annotator "NA RC"]
[PlyCount "114"]
[EventDate "2023.11.13"]
[EventType "swiss"]
[EventCountry "ITA"]
[SourceTitle "playchess.com"]
[Source "ChessBase"]
[SourceQuality "1"]
[TimeControl "40/5400+30:1800+30"]

1. Nf3 d5 2. g3 Bg4 3. Bg2 Nd7 4. c4 e6 5. cxd5 exd5 6. h3 Bf5 7. Nc3 c6 8. O-O Ngf6 9. d3 Bc5 10. e4 dxe4 11. dxe4 Be6 12. e5 Nd5 13. Ne4 O-O 14. Nxc5 Nxc5 15. Nd4 Nb4 16. Nxe6 Qxd1 17. Rxd1 Nxe6 18. Bd2 Nd3 19. Bc3 Rfd8 20. Rd2 Ndc5 21. Rad1 Rxd2 22. Rxd2 Rd8 23. b4 Rxd2 24. Bxd2 Nd7 25. f4 Nd4 26. Kf2 Kf8 27. Be4 g6 28. a4 a6 29. Be3 Ne6 30. Ke2 Ke7 31. g4 Nc7 32. Kf3 Nd5 33. Bxd5 cxd5 34. Bd4 Ke6 35. Kg3 b5 36. axb5 axb5 37. Kh4 h6 38. Kg3 Nb8 39. Kf3 Nc6 40. Bc5 h5 41. h4 hxg4+ 42. Kxg4 d4 43. Kf3 Kf5 44. Bd6 Nd8 45. Bc5 Ne6 46. Bb6 Nxf4 47. Bxd4 Nd5 48. Bc5 Kxe5 49. Kg4 f6 50. h5 f5+ 51. Kg5 gxh5 52. Kxh5 Nf6+ 53. Kg6 Ne4 54. Ba7 f4 55. Bb8+ Nd6 56. Kg5 f3 57. Ba7 f2 0-1

[Event "FIDE WYCC Girls U16 2023"]
[Site "Montesilvano"]
[Date "2023.11.21"]
[Round "8.11"]
[White "Kiraly, Lilla Virag"]
[Black "Khuslen, Erdenebayar"]
[Result "1/2-1/2"]
[ECO "A48"]
[WhiteElo "1765"]
[BlackElo "1906"]
[Annotator "NA RC"]
[PlyCount "118"]
[EventDate "2023.11.13"]
[EventType "swiss"]
[EventCountry "ITA"]
[SourceTitle "playchess.com"]
[Source "ChessBase"]
[SourceQuality "1"]
[TimeControl "40/5400+30:1800+30"]

1. d4 Nf6 2. Bf4 g6 3. Nf3 Bg7 4. e3 d6 5. Be2 O-O 6. O-O c5 7. c3 Nh5 8. Bg5 h6 9. Bh4 g5 10. Nfd2 cxd4 11. Bxg5 hxg5 12. Bxh5 dxe3 13. fxe3 Qb6 14. Qf3 Be6 15. Nb3 Nd7 16. Qg3 Bf6 17. N1d2 Qb5 18. Ne4 Qe5 19. Qxe5 Nxe5 20. Nxf6+ exf6 21. Be2 Kg7 22. Nd4 Rh8 23. Nf5+ Bxf5 24. Rxf5 Rae8 25. Raf1 Re6 26. Bf3 Nc4 27. Bd5 Nxe3 28. Bxe6 Nxf1 29. Bxf7 Nxh2 30. Be6 g4 31. Kf2 Re8 32. Bc4 Re4 33. Bd3 g3+ 34. Kxg3 Re3+ 35. Kxh2 Rxd3 36. Rb5 b6 37. a4 Rd2 38. Kg3 Kg6 39. Kf3 f5 40. g4 fxg4+ 41. Kxg4 Kf6 42. Kf4 Ke6 43. Ke3 Rh2 44. b4 Rh3+ 45. Kd4 Rh4+ 46. Kd3 Kd7 47. Rg5 a5 48. Rg7+ Ke6 49. bxa5 bxa5 50. Rg6+ Kd7 51. c4 d5 52. cxd5 Rxa4 53. Ra6 Ra1 54. Kc4 Rc1+ 55. Kb5 Rb1+ 56. Kxa5 Ra1+ 57. Kb5 Rxa6 58. Kxa6 Kd6 59. Kb5 Kxd5 1/2-1/2

[Event "FIDE WYCC Girls U16 2023"]
[Site "Montesilvano"]
[Date "2023.11.21"]
[Round "8.12"]
[White "Nguyen, Ngoc Hien"]
[Black "Peglau, Charis"]
[Result "0-1"]
[ECO "B06"]
[WhiteElo "1642"]
[BlackElo "2045"]
[Annotator "NA RC"]
[PlyCount "128"]
[EventDate "2023.11.13"]
[EventType "swiss"]
[EventCountry "ITA"]
[SourceTitle "playchess.com"]
[Source "ChessBase"]
[SourceQuality "1"]
[TimeControl "40/5400+30:1800+30"]

1. d4 d6 2. e4 g6 3. Be2 Bg7 4. h4 h5 5. Nc3 a6 6. Nf3 b5 7. Be3 Bb7 8. Ng5 Nd7 9. f4 e6 10. O-O Qe7 11. Qd3 Nh6 12. Rae1 b4 13. Nb1 d5 14. exd5 Bxd5 15. c4 bxc3 16. Nxc3 c6 17. Bf2 Nf5 18. Nxd5 cxd5 19. g4 hxg4 20. Bxg4 Nf6 21. Bxf5 gxf5 22. Qc2 Rd8 23. Qc6+ Qd7 24. Qxa6 Ne4 25. Nf3 Bf6 26. Rc1 Rg8+ 27. Kh2 Rg4 28. Be3 Qe7 29. Rg1 Bxh4 30. Rxg4 fxg4 31. Ne5 Be1 32. Qb5+ Kf8 33. Qe2 Qh4+ 34. Kg1 Qg3+ 35. Kf1 Ba5 36. Nxg4 f5 37. Nf2 Ke7 38. b4 Bxb4 39. Nxe4 dxe4 40. Qg2 Qxg2+ 41. Kxg2 Ra8 42. Rc2 Kd6 43. Rb2 Ra4 44. Rc2 Kd5 45. Kf1 Ra3 46. Ke2 Rc3 47. Rb2 Ba3 48. Rb5+ Kc4 49. Ra5 Bb4 50. Ra6 Rc2+ 51. Kf1 Kd3 52. Bg1 e3 53. Bxe3 Kxe3 54. Rxe6+ Kxf4 55. Rb6 Kf3 56. Kg1 Bd2 57. Rf6 f4 58. d5 Rxa2 59. d6 Be3+ 60. Kh1 Rd2 61. Rh6 Rd1+ 62. Kh2 Bg1+ 63. Kh3 Rd2 64. Kh4 Rh2+ 0-1

[Event "FIDE WYCC Girls U16 2023"]
[Site "Montesilvano"]
[Date "2023.11.21"]
[Round "8.13"]
[White "Bochnickova, Simona"]
[Black "Radenkovic, Mila"]
[Result "1/2-1/2"]
[ECO "B06"]
[WhiteElo "2043"]
[BlackElo "1767"]
[Annotator "NA RC"]
[PlyCount "105"]
[EventDate "2023.11.13"]
[EventType "swiss"]
[EventCountry "ITA"]
[SourceTitle "playchess.com"]
[Source "ChessBase"]
[SourceQuality "1"]
[TimeControl "40/5400+30:1800+30"]

1. d4 g6 2. e4 Bg7 3. Nc3 d6 4. Be3 Nd7 5. Qd2 a6 6. Nf3 b5 7. h4 h5 8. Bd3 Bb7 9. Ne2 Ngf6 10. Ng3 Ng4 11. Bg5 c5 12. c3 O-O 13. Nh2 Nxh2 14. Rxh2 Re8 15. Bh6 e5 16. Rh3 Nf6 17. Nf5 Bh8 18. Rg3 Kh7 19. Bf8 Ng8 20. Nxd6 Rxf8 21. Nxb7 Qxh4 22. dxc5 Bg7 23. Qe2 Bh6 24. Rh3 Qe7 25. Nd6 Nf6 26. Rd1 Ng4 27. b4 Qe6 28. c4 Rfd8 29. cxb5 axb5 30. Bb1 Qf6 31. Rf3 Qh4 32. Rxf7+ Kg8 33. Qf3 Rf8 34. a3 Bf4 35. Ba2 Rxf7 36. Nxf7 Kg7 37. g3 Qh2 38. Rd3 Qg1+ 39. Ke2 Nh2 40. gxf4 Nxf3 41. Rxf3 exf4 42. Bd5 Rf8 43. Rxf4 h4 44. e5 Qc1 45. Rf3 h3 46. e6 h2 47. e7 Re8 48. Re3 Qc2+ 49. Ke1 h1=Q+ 50. Bxh1 Kxf7 51. Bd5+ Kf6 52. Re6+ Kf5 53. Re3 1/2-1/2

[Event "FIDE WYCC Girls U16 2023"]
[Site "Montesilvano"]
[Date "2023.11.21"]
[Round "8.14"]
[White "Szczotka, Klara"]
[Black "Yu, Yuexi"]
[Result "1/2-1/2"]
[ECO "A57"]
[WhiteElo "2020"]
[BlackElo "1734"]
[Annotator "NA RC"]
[PlyCount "71"]
[EventDate "2023.11.13"]
[EventType "swiss"]
[EventCountry "ITA"]
[SourceTitle "playchess.com"]
[Source "ChessBase"]
[SourceQuality "1"]
[TimeControl "40/5400+30:1800+30"]

1. d4 Nf6 2. c4 c5 3. d5 b5 4. cxb5 a6 5. e3 Bb7 6. Nc3 g6 7. Nf3 Bg7 8. a4 O-O 9. e4 d6 10. bxa6 Bxa6 11. Bxa6 Rxa6 12. O-O Nbd7 13. Ra3 Qa8 14. Nb5 Rc8 15. Re1 Ne8 16. b3 Nc7 17. Qd3 Qb7 18. Nxc7 Rxc7 19. Nd2 Ne5 20. Qe2 c4 21. bxc4 Qa7 22. Bb2 Rb7 23. Bxe5 Bxe5 24. Nf3 Bb2 25. Re3 Rxa4 26. e5 Ra2 27. exd6 exd6 28. Re7 Rxe7 29. Qxe7 Bd4 30. Qxa7 Bxa7 31. Re8+ Kg7 32. Re7 Bxf2+ 33. Kf1 Bc5 34. Re2 Ra1+ 35. Re1 Ra4 36. Re4 1/2-1/2